 Dungeon Crawl Stone Soup version 0.28.0-43-g3370ac3207 (webtiles) character file.

Game seed: 11993884742707876567

391 nickcage the Cudgeller (level 6, -5/38 HPs)
             Began as a Gargoyle Fighter on Mar 21, 2022.
             Was an Initiate of Hepliaklqana.
             Slain by a gnoll
             ... wielding a +0 halberd
              (9 damage)
             ... on level 4 of the Dungeon.
             The game lasted 00:09:26 (3156 turns).

nickcage the Cudgeller (Gargoyle Fighter)           Turns: 3156, Time: 00:09:26

Health: -5/38      AC: 11    Str: 22    XL:     6   Next: 80%
Magic:  6/6        EV:  9    Int:  8    God:    Hepliaklqana [......]
Gold:   254        SH:  4    Dex:  9    Spells: 5/5 levels left

rFire   . . .      SeeInvis .   w - +3 flail (holy)
rCold   . . .      Faith    .   c - +0 buckler
rNeg    + . .      Spirit   .   b - +0 scale mail
rPois   ∞          Reflect  .   (no helmet)
rElec   +          Harm     .   (no cloak)
rCorr   .          Rampage  .   (no gloves)
Will    .....                   (no boots)
Stlth   ..........              (no amulet)
HPRegen 0.12/turn               (no ring)
MPRegen 0.10/turn               (no ring)

@: no status effects
A: sickness immunity, AC +4, negative energy resistance 1, electricity
resistance, torment resistance 1, petrification resistance
a: Renounce Religion


You were on level 4 of the Dungeon.
You worshipped Hepliaklqana.
Hepliaklqana was noncommittal.
You visited 2 branches of the dungeon, and saw 5 of its levels.

You collected 254 gold pieces.

Inventory:

Hand Weapons
 a - a +0 flail
 q - a +3 whip of venom
 w - a +3 flail of holy wrath (weapon)
Armour
 b - a +0 scale mail (worn)
 c - a +0 buckler (worn)
Jewellery
 m - a ring of magical power
Scrolls
 h - 2 scrolls of vulnerability {unknown}
 j - a scroll of blinking {unknown}
 l - 2 scrolls of teleportation {unknown}
 n - a scroll of torment {unknown}
 p - a scroll of holy word {unknown}
 s - a scroll of amnesia {unknown}
 t - a scroll of fog {unknown}
 v - a scroll of fear {unknown}
Potions
 d - a potion of might
 e - a potion of curing {unknown}
 f - a potion of invisibility {unknown}
 i - 2 potions of berserk rage {unknown}
 k - 3 potions of lignification {unknown}
 o - 3 potions of haste {unknown}
 r - a potion of cancellation {unknown}
 x - a potion of flight {unknown}


   Skills:
 - Level 4.0 Fighting
 * Level 6.7 Maces & Flails
 - Level 3.2 Armour
 - Level 3.2 Shields


You had 5 spell levels left.
You didn't know any spells.
Your spell library contained the following spells:

 Spells                   Type           Power      Damage    Failure   Level
 Magic Dart               Conj           0%         1d3       83%         1
 Searing Ray              Conj           0%         2d4       92%         2
 Airstrike                Air            0%         N/A       100%        4
 Fulminant Prism          Conj/Hex       0%         3d6       100%        4
 Summon Lightning Spire   Summ/Air       0%         N/A       100%        4
 Lightning Bolt           Conj/Air       0%         1d11      100%        5


Dungeon Overview and Level Annotations

Branches:
Dungeon (4/15)             Temple (1/1) D:4

Altars:
Ashenzari
Fedhas
Gozag
Hepliaklqana
Nemelex Xobeh
Qazlal
Sif Muna
Trog
Wu Jian


Innate Abilities, Weirdness & Mutations

You are immune to sickness and miasma.
Your stone body is resilient. (AC +4)
You are immune to poison.
You resist negative energy. (rN+)
You are resistant to electric shocks. (rElec)
You are resistant to unholy torment.
You are immune to petrification.


Message History

Nothing quivered!
There is an open door here.
You hit the gnoll shaman but do no damage.
You block the gnoll shaman's attack.
You completely miss the gnoll shaman.
The gnoll hits you from afar with a +0 halberd.
The gnoll shaman barely misses you.
You hit the gnoll shaman.
The gnoll shaman is moderately wounded.
The gnoll hits you but does no damage. The gnoll shaman barely misses you.
You hit the gnoll shaman.
The gnoll shaman is heavily wounded.
The gnoll hits you from afar with a +0 halberd.
You block the gnoll shaman's attack.
The gnoll hits you from afar with a +0 halberd.
You hit the gnoll shaman but do no damage.
The gnoll shaman is heavily wounded.
The gnoll shaman barely misses you. You block the gnoll's attack.
You closely miss the gnoll shaman.
The gnoll shaman is heavily wounded.
The gnoll shaman barely misses you. The gnoll barely misses you.
You barely miss the gnoll shaman.
The gnoll shaman is heavily wounded.
The gnoll shaman hits you with a +0 whip!
The gnoll hits you from afar with a +0 halberd!
* * * LOW HITPOINT WARNING * * *
You block the gnoll shaman's attack.
You are too injured to fight recklessly!
The gnoll shaman calls upon its god to speed up the gnoll.
The gnoll seems to speed up.
There is an open door here.
The gnoll shaman calls upon its god to speed up the gnoll.
The gnoll seems to speed up.
There is a huge open gate here.
The gnoll hits you from afar with a +0 halberd!
* * * LOW HITPOINT WARNING * * *
The gnoll closely misses you. The gnoll closely misses you.
The gnoll hits you from afar with a +0 halberd!
You die...

.....#....#.g.........#.#
.....'....'gg.........'.#
.....#...g#...........#'###≈
###########''''#############...#≈
...........................#...#≈
≈≈≈≈≈≈≈≈≈≈≈....≈≈≈≈≈≈≈≈≈≈≈≈#####≈
≈≈≈≈≈≈≈≈≈≈≈....g≈≈≈≈≈≈≈≈≈≈≈≈≈≈≈≈≈
≈≈≈≈≈≈≈≈≈≈≈.)..≈))≈≈≈≈≈≈≈≈≈≈≈≈≈≈≈
................@......)........P
##########...########.#####..#.##
###'##########.# #..#.##
#.....#.....)).# #......
#.#'#.#.######## ##.....
+.#>#.'.# #.#.## #.###.### #.....
#.....# #...## ###+### #...#


You could see a gnoll shaman and a gnoll (fast).

Vanquished Creatures
  A sky beast (D:3)
  A black bear (D:4)
  A hound (D:4)
  Jessica (D:3)
  4 gnolls (D:4)
  3 adders (D:3)
  A dart slug (D:3)
  6 orcs (D:4)
  7 ball pythons
  10 bats
  9 endoplasms
  2 giant cockroaches
  7 goblins
  10 hobgoblins
  4 jackals (D:4)
  8 kobolds
  2 quokkas (D:1)
  7 frilled lizards
  2 rats (D:3)
86 creatures vanquished.

Notes
Turn   | Place    | Note
-------+----------+-------------------------------------------
     0 | D:1      | nickcage the Gargoyle Fighter began the quest for the Orb.
     0 | D:1      | Reached XP level 1. HP: 14/14 MP: 1/1
   112 | D:1      | Reached XP level 2. HP: 13/19 MP: 2/2
   627 | D:1      | Reached XP level 3. HP: 24/24 MP: 3/3
   688 | D:1      | Reached skill level 3 in Maces & Flails
  1046 | D:2      | Found a faded altar of an unknown god.
  1561 | D:3      | Noticed a sky beast
  1573 | D:3      | Killed a sky beast
  1574 | D:3      | Reached skill level 4 in Maces & Flails
  1574 | D:3      | Reached XP level 4. HP: 23/29 MP: 4/4
  1574 | D:3      | Reached XP level 5. HP: 26/33 MP: 5/5
  1704 | D:3      | Reached skill level 5 in Maces & Flails
  1747 | D:3      | Noticed Jessica
  1751 | D:3      | Killed Jessica
  2122 | D:3      | Found a stormy altar of Qazlal.
  2454 | D:4      | Noticed a black bear
  2465 | D:4      | Killed a black bear
  2466 | D:4      | Reached skill level 6 in Maces & Flails
  2466 | D:4      | Reached XP level 6. HP: 29/38 MP: 6/6
  2553 | D:4      | Found a staircase to the Ecumenical Temple.
  2561 | Temple   | Entered the Ecumenical Temple
  2664 | Temple   | Became a worshipper of Hepliaklqana the Forgotten
  3156 | D:4      | Slain by a gnoll

Illustrated notes

Levels and vault maps discovered:
D:1:      grunt_arrival_lava_bath, layout_basic, minmay_hexomino_u4
D:2:      layout_rooms, basic_ecumenical_altar
D:3:      wad_crossroads, layout_basic, amcnicky_altar_gilded, uniq_jessica
D:4:      lemuel_castle_with_subvaults [lemuel_castle_interior_carwin_1],
          layout_loops_ring, minmay_temple_entry_glassed_door,
          uniq_crazy_yiuf_cottage
Temple:   nicolae_temple_figure_zero

Skill      XL: |  1  2  3  4  5 |
---------------+----------------+-----
Maces & Flails | 4 6 |  6.7
Fighting       | 4 |  4.0
Armour         | |  3.2
Shields        | |  3.2

Action                   |  1- 3 |  4- 6 || total
-------------------------+-------+-------++-------
Melee: Flail             |   113 |    89 ||   202
       Whip              |       |    28 ||    28
Throw: Dart              |     9 |    13 ||    22
       Stone             |    15 |    10 ||    25
  Use: Scroll            |       |     1 ||     1
Armor: Scale mail        |    59 |    42 ||   101
Dodge: Dodged            |    45 |    53 ||    98
Block: Buckler           |    32 |    28 ||    60
